 Dungeon Crawl Stone Soup version 0.18.1-48-g4cf74bf (webtiles) character file.

181 GameOver the Changer (level 5, 0/44 HPs)
             Began as a Naga Transmuter on Sept 12, 2016.
             Slain by Grinder (1 damage)
             ... on level 3 of the Dungeon.
             The game lasted 00:10:01 (1756 turns).

GameOver the Changer (Naga Transmuter)              Turns: 1756, Time: 00:10:02

Health: 0/44       AC:  3    Str: 13    XL:     5   Next: 61%
Magic:  1/8        EV: 10    Int: 14    God:
Gold:   133        SH:  0    Dex: 11    Spells: 3 memorised, 2 levels left

rFire  . . .     SeeInvis +       - Unarmed
rCold  . . .     Gourm    .     b - +0 robe
rNeg   . . .     Faith    .     (no shield)
rPois  +         Spirit   .     (no helmet)
rElec  .         Dismiss  .     (no cloak)
rCorr  .         Reflect  .     p - +0 pair of gloves
SustAt .         Harm     .     (no barding)
MR     .....                    (no amulet)
Stlth  +.........               (no ring)
                                (no ring)

@: very slow, not resistant to hostile enchantments, very unstealthy
A: see invisible, deformed body, poison resistance, slowness 2, slow metabolism
1, spit poison 2, AC +1
a: Spit Poison


You were on level 3 of the Dungeon.
You were not hungry.

You visited 1 branch of the dungeon, and saw 3 of its levels.

You collected 133 gold pieces.

Inventory:

Missiles
 a - 48 arrows
Armour
 b - a +0 robe (worn)
 k - a +0 helmet
 p - a +0 pair of gloves (worn)
Jewellery
 q - an uncursed ring of flight {unknown}
Scrolls
 e - a scroll of fog {unknown}
 l - a scroll of blinking {unknown}
 n - 2 scrolls of enchant weapon {unknown}
 o - 3 scrolls of fear {unknown}
Potions
 f - a potion of haste {unknown}
 g - a potion of mutation {unknown}
 h - a potion of flight {unknown}
 m - a potion of curing
 s - a potion of degeneration {unknown}
 u - a potion of resistance {unknown}
Books
 c - a book of Changes

   Spells                             Type                      Level
   a - Beastly Appendage              Transmutation                1
   b - Sticks to Snakes               Transmutation                2
   c - Spider Form                    Transmutation/Poison         3
   d - Ice Form                       Ice/Transmutation            4
   e - Blade Hands                    Transmutation                5
Comestibles
 d - 4 bread rations
 i - a slice of pizza
 j - 2 meat rations
 r - 7 fruits
 t - 4 chunks of flesh


   Skills:
 - Level 1.0 Fighting
 - Level 1.5 Dodging
 + Level 4.0 Unarmed Combat
 - Level 2.0 Spellcasting
 * Level 4.8 Transmutations
 + Level 1.0 Poison Magic


You had 2 spell levels left.
You knew the following spells:

 Your Spells              Type           Power        Failure   Level  Hunger
a - Beastly Appendage     Trmt           ##....       3%          1    ##.....
b - Sticks to Snakes      Trmt           ##......     6%          2    ###....
c - Spider Form           Trmt/Pois      #.........   24%         3    ####...


Dungeon Overview and Level Annotations

Branches:
Dungeon (3/15)

Altars:
Zin

Shops:
D:2 *

Annotations:
D:3 Grinder


Innate Abilities, Weirdness & Mutations

You cannot wear boots.
Your serpentine skin is tough (AC +1).
You have supernaturally acute eyesight.
Armour fits poorly on your strangely shaped body.
Your system is resistant to poisons.
You cover ground very slowly.
You have a slow metabolism.
You can spit poison.


Message History

Confirm with . or Enter, or press ? or * to list all spells.
Okay, then.
Your ball python barely misses Grinder. x2
Press: ? - help, Shift-Dir - straight line, f/p - Grinder
Aim: Grinder (heavily wounded)
The splash of poison hits Grinder.
Grinder is heavily wounded.
You feel slightly more hungry.
Your ball python closely misses Grinder.
Your ball python misses Grinder.
Grinder says, "Tell me all your secrets, or I'll kill you."
Your ball python bites Grinder.
Your ball python misses Grinder.
Grinder hits your ball python.
Your ball python dies!
You have got your breath back.
Your ball python closely misses Grinder. x2
Grinder hits you!
* * * LOW HITPOINT WARNING * * *
You writhe in agony.
You die...

.# #.# .# #.#
.# #.# #####
.# #.# #... .#
#.###.# .#
#.....########
.#######
####.........#
........
+.........+
########
#..@5S....# #
#..)......#
#####
#.........#
....#
#.........#
....#
#.........#
....#
#.........#
....#
#.........#
....#
###........
#####
#........


You could see Grinder and a friendly ball python.

Vanquished Creatures
  A hound (D:3)
  An orc wizard (D:3)
  Ijyb (D:2)
  2 adders
  2 oozes (D:2)
  2 worms (D:2)
  A dart slug (D:1)
  A giant gecko (D:2)
  3 orcs (D:3)
  A ball python (D:3)
  3 giant cockroaches
  9 goblins
  11 hobgoblins
  3 jackals
  8 bats
  6 giant newts
  4 kobolds
  9 rats
68 creatures vanquished.

Notes
Turn   | Place    | Note
--------------------------------------------------------------
     0 | D:1      | GameOver the Naga Transmuter began the quest for the Orb.
     0 | D:1      | Reached XP level 1. HP: 18/18 MP: 3/3
   159 | D:1      | Reached XP level 2. HP: 21/25 MP: 1/5
   163 | D:1      | Learned a level 2 spell: Sticks to Snakes
   535 | D:1      | Reached XP level 3. HP: 13/31 MP: 4/6
   673 | D:2      | Noticed Ijyb
   701 | D:2      | Killed Ijyb
   701 | D:2      | Reached XP level 4. HP: 8/38 MP: 1/7
   820 | D:2      | Found Zin's Purification Station.
   852 | D:2      | Found a glowing silver altar of Zin.
  1405 | D:2      | Learned a level 3 spell: Spider Form
  1551 | D:3      | Reached XP level 5. HP: 12/44 MP: 8/8
  1655 | D:3      | Reached skill level 1 in Poison Magic
  1730 | D:3      | Noticed Grinder
  1756 | D:3      | HP: 1/44 [Grinder (8)]
  1756 | D:3      | Slain by Grinder

Skill      XL: |  1  2  3  4  5 |
---------------+----------------+-----
Transmutations | 3 4 |  4.8
Poison Magic   | 1 |  1.0
Unarmed Combat | 4 |  4.0
Fighting       | |  1.0
Dodging        | |  1.5
Spellcasting   | |  2.0

Action                   |  1- 3 |  4- 6 || total
-------------------------+-------+-------++-------
Melee: Unarmed           |    62 |    96 ||   158
       Headbutt          |     6 |    11 ||    17
 Cast: Beastly Appendage |    13 |    17 ||    30
       Sticks to Snakes  |     3 |     5 ||     8
 Abil: Spit Poison       |    31 |    33 ||    64
  Use: Potion            |       |     2 ||     2
  Eat: Chunk             |     1 |     6 ||     7
Armor: Robe              |    18 |    24 ||    42
Dodge: Dodged            |    47 |    75 ||   122
